AoeStats
← Leiner97

Hideout

507597932Analyzed
1v1 RM · 13d ago on Sep 18, 2026· 25m 16s· 2 players
Game mode
Random Map
Map size
Tiny (2 player)
Population
200
Speed
Normal
Resources
Standard
Victory
Conquest
Starting age
Dark Age
Ending age
Imperial Age
RankedLock teamsTeams togetherTeam positionsShared explorationLock speedFull tech treeHidden civsTurbo modeCheats
Victory
Defeat
🇦🇷 Cumans · Argentina
836
+15
🇲🇽 Mongols · Mexico
810
-15
linck92
0:30 Loom
10:09 Feudal Age
15:29 Double-Bit Axe
22:36 Castle Age
20:29 Horse Collar
20:57 Gold Mining
21:26 Stone Mining
22:23 Fletching
23:05 Padded Archer Armor
24:26 Bodkin Arrow
25:32 Murder Holes
Leiner97
6:47 Loom
10:35 Feudal Age
10:59 Horse Collar
14:05 Double-Bit Axe
20:22 Wheelbarrow
20:37 Forging
20:56 Scale Mail Armor
20:35 Man-at-Arms
Connection lost

Rejoining the realm…

Still unreachable

The connection could not be restored.

Session expired

The server has moved on; the page needs a fresh start.